 Dungeon Crawl Stone Soup version 0.29-a0-11-ga75d3d97ab (webtiles) character file.

Game seed: 11947446360337676874

675 issech the Cudgeller (level 7, -8/68 HPs)
             Began as a Troll Monk on Jan 28, 2022.
             Mangled by a two-headed ogre (13 damage)
             ... on level 4 of the Dungeon.
             The game lasted 00:11:30 (2509 turns).

issech the Cudgeller (Troll Monk)                   Turns: 2509, Time: 00:11:31

Health: -8/68      AC:  4    Str: 20    XL:     7   Next: 33%
Magic:  6/6        EV: 11    Int:  6    God:
Gold:   160        SH:  0    Dex: 14    Spells: 6/6 levels left

rFire   . . .      SeeInvis .   q - +2 hand axe (venom)
rCold   . . .      Faith    .   (no shield)
rNeg    . . .      Spirit   .   b - +0 robe
rPois   .          Reflect  .   (helmet restricted)
rElec   .          Harm     .   (no cloak)
rCorr   .          Rampage  .   (gloves unavailable)
Will    .....                   (boots unavailable)
Stlth   ++........              (no amulet)
HPRegen 1.01/turn               (no ring)
MPRegen 0.10/turn               (no ring)

@: no status effects
A: large, unfitting armour, claws 3, regeneration 1, shaggy fur 1, tough skin 1
a: no special abilities


You were on level 4 of the Dungeon.
You visited 1 branch of the dungeon, and saw 5 of its levels.

You collected 160 gold pieces.

Inventory:

Hand Weapons
 a - a +0 mace
 o - a +0 flail
 q - a +2 hand axe of venom (weapon)
 w - a +0 giant club
Missiles
 c - 4 large rocks (quivered)
 f - 63 stones
 j - 66 arrows
 t - 5 poisoned darts
 v - 14 bolts
Armour
 b - a +0 robe (worn)
 n - the +2 pair of gloves of Haots {rF+ rC+}
   (You found it on level 2 of the Dungeon)

   rF:        It protects you from fire.
   rC:        It protects you from cold.
Jewellery
 g - a ring of flight
Wands
 r - a wand of iceblast (11)
Scrolls
 h - 3 scrolls of immolation
 m - 3 scrolls of identify {unknown}
 u - a scroll of enchant weapon {unknown}
Potions
 d - 5 potions of curing {unknown}
 e - a potion of flight {unknown}
 i - a potion of mutation {unknown}
 k - a potion of berserk rage {unknown}
 l - a potion of brilliance {unknown}
 p - 2 potions of degeneration {unknown}
 s - a potion of ambrosia {unknown}


   Skills:
 + Level 3.7 Fighting
 + Level 3.1(4.1) Axes
 + Level 4.4(5.0) Maces & Flails
 + Level 0.5 Throwing
 + Level 3.8 Dodging
 + Level 1.9 Stealth


You had 6 spell levels left.
You didn't know any spells.
Your spell library contained the following spells:

 Spells                   Type           Power      Damage    Failure   Level
 Corpse Rot               Necr/Air       0%         N/A       58%         2
 Dispel Undead            Necr           0%         3d6       99%         4
 Death Channel            Necr           0%         N/A       100%        6


Dungeon Overview and Level Annotations

Branches:
Dungeon (5/15)
 Temple: D:4-7

Altars:
Makhleb
Zin

Shops:
D:1 *


Innate Abilities, Weirdness & Mutations

You are too large for most types of armour.
You have claws for hands.
Your natural rate of healing is unusually fast.
You are covered in fur. (AC +1)
You have tough skin. (AC +1)


Message History

You feel sick.
You feel sick.
You feel sick.
You feel sick. The hound completely misses you.
The water moccasin closely misses you.
You feel sick.
A kobold comes into view. It is wielding a +0 short sword.
You feel sick. The hound bites you.
You feel sick.
You are no longer poisoned.
The water moccasin bites you.
The kobold shouts!
The hound bites you.
There is a stone staircase leading down, spattered with blood here.
You can't go up here!
The hound misses you. The kobold closely misses you.
The water moccasin bites you.
You climb downwards.
The orc shouts!
The ogre shouts!
The orc wizard shouts!
The orc shouts! x2
Found 23 arrows, a glowing hat and 11 gold pieces.
There is a stone staircase leading up here.
The hound bites you but does no damage. The water moccasin bites you.
The kobold hits you with a +0 short sword.
* * * LOW HITPOINT WARNING * * *
The hound bites you.
* * * LOW HITPOINT WARNING * * *
The orc throws a boomerang.
The boomerang closely misses you. The ogre hits you with a +0 giant club!
* * * LOW HITPOINT WARNING * * *
You climb upwards.
The adder barely misses you. The adder bites you.
* * * LOW HITPOINT WARNING * * *
There is a stone staircase leading down, spattered with blood here.
Unknown command.
The adder bites you but does no damage.
The water moccasin barely misses you. x2
The hound bites you but does no damage. The hound bites you.
* * * LOW HITPOINT WARNING * * *
The two-headed ogre misses you.
The two-headed ogre hits you with a +0 giant club!
You die...

#.# ##....##.#... ##.##
#........#... ##...#
#.##.....###. #....## #.....#..#
## ### #.....###....###<.# .
#.######[...[#......#..## #
#####.#..##......).........#
##.#......#...##...........#####
##............Oh@..[.........#.##
#...###....##K.OS......####.....#
....###.......S.......## .#....
#...........o.........# ####....
#...........>........#####.......
...................##............
#.......##................#......
#.................#.......##.....
##...>.........#####.#########...


You could see a two-headed ogre, a water moccasin, an ogre, a hound, an adder,
an orc and a kobold.

Vanquished Creatures
  Menkaure (D:4)
  A black bear (D:4)
  A necrophage (D:3)
  An ogre (D:4)
  A scorpion (D:3)
  A hound (D:4)
  An iguana (D:3)
  Terence (D:2)
  A hound skeleton (D:4)
  A howler monkey skeleton (D:4)
  4 adders
  4 adder skeletons (D:4)
  2 worms
  4 dart slugs
  10 orcs (D:3)
  9 endoplasms
  4 giant cockroaches
  2 hobgoblins
  2 jackals (D:2)
  7 kobolds
  A quokka (D:2)
  9 ball pythons
  4 bats
  2 frilled lizards
  6 goblins
  4 rats
84 creatures vanquished.

Notes
Turn   | Place    | Note
-------+----------+-------------------------------------------
     0 | D:1      | issech the Troll Monk began the quest for the Orb.
     0 | D:1      | Reached XP level 1. HP: 22/22 MP: 0/0
   107 | D:1      | Reached XP level 2. HP: 29/29 MP: 1/1
   182 | D:1      | Reached skill level 3 in Maces & Flails
   244 | D:1      | Found a burning altar of Makhleb.
   292 | D:1      | Found Masiawog's Assorted Antiques.
   465 | D:1      | Reached XP level 3. HP: 36/36 MP: 2/2
   561 | D:2      | Found a faded altar of an unknown god.
   717 | D:2      | Identified the +2 pair of gloves of Haots {rF+ rC+}
   809 | D:2      | Noticed Terence
   823 | D:2      | Killed Terence
   824 | D:2      | Reached XP level 4. HP: 20/44 MP: 3/3
  1457 | D:3      | Found a glowing silver altar of Zin.
  1506 | D:3      | Reached XP level 5. HP: 23/52 MP: 4/4
  1817 | D:4      | Noticed a black bear
  1836 | D:4      | Killed a black bear
  1837 | D:4      | Reached skill level 1 in Axes
  1837 | D:4      | Reached skill level 4 in Maces & Flails
  1947 | D:4      | Noticed Menkaure
  2101 | D:4      | Killed Menkaure
  2102 | D:4      | Reached XP level 6. HP: 33/61 MP: 5/5
  2330 | D:4      | Reached XP level 7. HP: 33/67 MP: 6/6
  2450 | D:4      | Noticed a two-headed ogre
  2502 | D:5      | Entered Level 5 of the Dungeon
  2503 | D:5      | HP: 2/68 [ogre (15)]
  2509 | D:4      | Mangled by a two-headed ogre

Illustrated notes

Levels and vault maps discovered:
D:1:      scummos_arrival_hexagon, layout_rooms, serial_shops, shop,
          minmay_hexomino_r4
D:2:      layout_rooms, hellmonk_ecumenical_altar_prayer_group,
          kennysheep_generic_room_3, uniq_terence
D:3:      layout_loops_ring, zin_academy
D:4:      minmay_opposing_rooms, layout_cave_pools, kennysheep_generic_room_10,
          uniq_menkaure, uniq_eustachio
D:5:      layout_basic, dk_vineyard_2, roderic_batcave, minmay_gold_behind_fungi

Skill      XL: |  1  2  3  4  5  6  7 |
---------------+----------------------+-----
Maces & Flails | 3 4 |  4.4
Dodging        | 3 |  3.8
Fighting       | 3 |  3.7
Axes           | 1 2 3 |  3.1
Throwing       | |  0.5
Stealth        | |  1.9

Action                   |  1- 3 |  4- 6 |  7- 9 || total
-------------------------+-------+-------+-------++-------
Melee: Mace              |   109 |    57 |       ||   166
       Punch             |     3 |     2 |       ||     5
       Hand axe          |       |    55 |    49 ||   104
Throw: Large rock        |     4 |       |       ||     4
  Use: Scroll            |       |     2 |       ||     2
 Stab: Sleeping          |     3 |     4 |     1 ||     8
Armor: Robe              |    50 |    34 |    14 ||    98
Dodge: Dodged            |    88 |    76 |    48 ||   212

Table legend: (Time is in decaauts)
 A = Elapsed time spent in this place.
 B = Non-inter-level travel time spent in this place.
 C = Inter-level travel time spent in this place.
 D = Time resting spent in this place.
 E = Time spent auto-exploring this place.
 F = Levels seen in this place.
 G = Mean time per level.
                   A        B        C        D        E       F      G
               +--------+--------+--------+--------+--------+-----+--------+
         Total |   2571 |   2514 |     57 |    148 |    996 |   5 |  514.2 |
       Dungeon |   2571 |   2514 |     57 |    148 |    996 |   5 |  514.2 |
               +--------+--------+--------+--------+--------+-----+--------+

Top non-repeatable levels by time:
     D:3: 813 daAuts
     D:2: 678 daAuts
     D:4: 539 daAuts
     D:1: 537 daAuts
     D:5: 1 daAuts
